 Dungeon Sprint DCSS version 0.29-a0-563-g64e4043184 (webtiles) character file.

Game seed: 1486015009451296326

3571 mhtbhm the Black Belt (level 10, -2/75 HPs)
             Began as an Octopode Transmuter on June 11, 2022.
             Was an Initiate of Gozag.
             Slain by a slime creature (16 damage)
             ... in the Dungeon (Sprint IX: "|||||||||||||||||||||||||||||").
             The game lasted 00:01:16 (815 turns).

mhtbhm the Black Belt (Octopode Transmuter)          Turns: 815, Time: 00:01:17

Health: -2/75      AC:  7    Str: 16    XL:     10   Next: 9%
Magic:  17/23      EV: 15    Int: 16    God:    Gozag
Gold:   558        SH:  0    Dex: 13    Spells: 18/28 levels left

rFire   x . .      SeeInvis .     - Unarmed
rCold   + + +      Faith    .   (shield currently unavailable)
rNeg    . . .      Spirit   .   (helmet currently unavailable)
rPois   +          Reflect  .   (no amulet)
rElec   .          Harm     .   j - +3 ring of strength
rCorr   .          Rampage  .   k - +2 ring of evasion
Will    .....      NoTele   +   (no ring)
Stlth   +++.......              (no ring)
HPRegen 0.22/turn               (no ring)
MPRegen 0.18/turn               (no ring)
                                (no ring)
                                (no ring)

@: ice-form, wereblooded, gold aura
A: freezing attack, boosted hp, almost no armour, amphibious, 8 rings, large,
(camouflage 1), (gelatinous body 1), (nimble swimmer 1), (tentacles)
a: End Transformation, Renounce Religion, Potion Petition, Call Merchant, Bribe
Branch


You were in the Dungeon.
You worshipped Gozag.
Gozag was pleased with you.
You were a creature of crystalline ice.
You visited 1 branch You collected 558 gold pieces.

Inventory:

Jewellery
 j - a +3 ring of strength (left front paw)
 k - a +2 ring of evasion (right front paw)
Wands
 i - a wand of acid (8)
Scrolls
 g - 2 scrolls of blinking
 h - 2 scrolls of amnesia
Potions
 a - a potion of lignification
 b - 5 potions of curing
 c - 2 potions of heal wounds
 d - a potion of haste
 e - 4 potions of magic
 f - a potion of invisibility


   Skills:
 + Level 3.3 Fighting
 + Level 8.9 Dodging
 + Level 5.3 Stealth
 + Level 15.4 Unarmed Combat
 + Level 9.8 Spellcasting
 + Level 8.7 Transmutations
 + Level 4.3 Ice Magic
 + Level 1.6 Evocations


You had 18 spell levels left.
You knew the following spells:

 Your Spells              Type           Power      Damage    Failure   Level
a - Beastly Appendage     Tmut           70%        N/A       1%          1
b - Wereblood             Tmut           35%        N/A       1%          2
c - Spider Form           Tmut/Pois      21%        N/A       4%          3
d - Ice Form              Ice/Tmut       28%        N/A       6%          4

Your spell library contained the following spells:

 Spells                   Type           Power      Damage    Failure   Level


Dungeon Overview and Level Annotations

Branches:
Dungeon (1/1)

Altars:
Cheibriados
Dithmenos
Elyvilon
Fedhas
Gozag
Hepliaklqana
Kikubaaqudgha
Makhleb
Nemelex Xobeh
Okawaru
Qazlal
Ru
Sif Muna
Trog
Uskayaw
Vehumet
Wu Jian
Xom
Yredelemnul
Zin
The Shining One
Beogh
Jiyva
Lugonu


Innate Abilities, Weirdness & Mutations

You are a creature of crystalline ice.
You have a powerful freezing melee attack.
Your maximum health is increased.
Your armour is entirely melded.
You are incapable of wielding weapons or throwing items.
You cannot wear most types of armour.
You are amphibious.
You can wear up to eight rings at the same time.
((Your skin changes colour to match your surroundings (Stealth+).))
((Your rubbery body absorbs attacks. (AC +1, EV +1)))
((You are camouflaged when in or above water. (Stealth+)))
((You have tentacles for arms and can constrict up to eight enemies at once.))


Message History

The slime creature quivers.
You pummel the slime creature!! You freeze the slime creature!
You feel a bit better.
You kill the slime creature!
The centaur warrior wields a +0 longbow.
The centaur warrior shoots an arrow.
The arrow misses you.
Your Unarmed Combat skill increases to level 15!
The centaur warrior unwields a +0 longbow.
The centaur warrior hits you. The centaur warrior barely misses you.
Things that are here:
207 gold pieces; a +0 shortbow You punch the centaur warrior!
You freeze the centaur warrior.
The centaur warrior is moderately wounded.
The slime creature is no longer distracted by gold.
The centaur warrior barely misses you. x2
You punch the centaur warrior! You freeze the centaur warrior.
The centaur warrior is severely wounded.
The centaur warrior hits you. The centaur warrior kicks you.
The centaur warrior hits you!
* * * LOW HITPOINT WARNING * * *
The centaur warrior kicks you.
* * * LOW HITPOINT WARNING * * *
You pummel the centaur warrior!! You freeze the centaur warrior!
You feel a bit better.
You kill the centaur warrior!
You howl as the wereblood boils in your veins!
Your Stealth skill increases to level 5!
You have reached level 10!
You feel agile.
Unknown command.
You hit the slime creature. You freeze the slime creature.
The slime creature is lightly wounded.
You pummel the slime creature like a punching bag!!!
You freeze the slime creature!
The slime creature is almost dead.
You howl as the wereblood boils in your veins!
The slime creature jiggles.
The slime creature hits you!
You die...
Your body crumbles into a pile of gold. $$$$$ $ $ $ $ $ $ $ ▓▓▓▓▓▓▓▓▓▓▓▓▓▓▓▓▓▓▓▓▓ +..JY$$'.....))..[[[. ▓▓▓▓▓▓▓▓▓▓▓▓▓▓▓▓▓▓▓▓▓

You could see a slime creature.

Vanquished Creatures
  4 centaur warriors (D)
  A kobold demonologist (D)
  A troll (D)
  A slime creature (D)
  A yak (D)
  A wyvern (D)
  A vampire mosquito (D)
  A black bear (D)
  An orc wizard (D)
  2 adders (D)
  An ufetubus (D)
  An orc (D)
  A bat (D)
  A giant cockroach (D)
  3 kobolds (D)
21 creatures vanquished.

Notes
Turn   | Place    | Note
-------+----------+-------------------------------------------
     0 | D        | mhtbhm the Octopode Transmuter began the quest for the Orb.
     0 | D        | Reached XP level 1. HP: 13/13 MP: 3/3
    10 | D        | Reached skill level 4 in Unarmed Combat
   228 | D        | Noticed a black bear
   233 | D        | Reached XP level 2. HP: 18/18 MP: 2/5
   236 | D        | Reached skill level 5 in Unarmed Combat
   236 | D        | Reached XP level 3. HP: 23/23 MP: 2/7
   334 | D        | Learned a level 2 spell: Wereblood
   338 | D        | Learned a level 3 spell: Spider Form
   347 | D        | Killed a black bear
   348 | D        | Reached skill level 7 in Unarmed Combat
   348 | D        | Reached XP level 4. HP: 18/28 MP: 5/10
   348 | D        | Reached XP level 5. HP: 21/33 MP: 5/11
   353 | D        | Found a snail-covered altar of Cheibriados.
   353 | D        | Found a shadowy altar of Dithmenos.
   353 | D        | Found a white marble altar of Elyvilon.
   353 | D        | Found a blossoming altar of Fedhas.
   353 | D        | Found an opulent altar of Gozag.
   354 | D        | Found a hazy altar of Hepliaklqana.
   355 | D        | Found a viscous altar of Jiyva.
   356 | D        | Found an ancient bone altar of Kikubaaqudgha.
   357 | D        | Found a corrupted altar of Lugonu.
   358 | D        | Found a burning altar of Makhleb.
   359 | D        | Found a sparkling altar of Nemelex Xobeh.
   360 | D        | Found an iron altar of Okawaru.
   361 | D        | Found a stormy altar of Qazlal.
   362 | D        | Found a sacrificial altar of Ru.
   365 | D        | Became a worshipper of Gozag Ym Sagoz the Greedy
   371 | D        | Learned a level 4 spell: Ice Form
   373 | D        | Found a shimmering blue altar of Sif Muna.
   374 | D        | Found a bloodstained altar of Trog.
   375 | D        | Found a hide-covered altar of Uskayaw.
   376 | D        | Found a radiant altar of Vehumet.
   377 | D        | Found an ornate altar of the Wu Jian Council.
   378 | D        | Found a shimmering altar of Xom.
   379 | D        | Found a basalt altar of Yredelemnul.
   380 | D        | Found a glowing silver altar of Zin.
   381 | D        | Found a glowing golden altar of the Shining One.
   389 | D        | Found the +5 scythe "Finisher" {speed, eviscerate}
   569 | D        | Noticed a vampire mosquito
   569 | D        | Noticed a wyvern
   569 | D        | Noticed a kobold demonologist
   569 | D        | Noticed a troll
   569 | D        | Noticed a yak
   572 | D        | Killed a yak
   573 | D        | Reached skill level 9 in Unarmed Combat
   573 | D        | Reached skill level 5 in Spellcasting
   573 | D        | Reached skill level 5 in Transmutations
   573 | D        | Reached XP level 6. HP: 38/38 MP: 5/14
   573 | D        | Noticed an orange demon
   581 | D        | Killed a troll
   582 | D        | Reached skill level 5 in Dodging
   582 | D        | Reached skill level 1 in Stealth
   582 | D        | Reached skill level 10 in Unarmed Combat
   582 | D        | Reached skill level 1 in Ice Magic
   582 | D        | Reached XP level 7. HP: 31/43 MP: 6/16
   584 | D        | Killed a kobold demonologist
   585 | D        | Reached skill level 11 in Unarmed Combat
   586 | D        | Killed a vampire mosquito
   587 | D        | Reached skill level 12 in Unarmed Combat
   587 | D        | Reached XP level 8. HP: 34/50 MP: 7/19
   588 | D        | Killed a wyvern
   790 | D        | Noticed a slime creature
   790 | D        | Noticed a centaur warrior
   790 | D        | Noticed a slime creature
   790 | D        | Noticed a centaur warrior
   790 | D        | Noticed a centaur warrior
   790 | D        | Noticed a centaur warrior
   794 | D        | Killed a centaur warrior
   795 | D        | Reached skill level 13 in Unarmed Combat
   801 | D        | Killed a centaur warrior
   802 | D        | Reached skill level 14 in Unarmed Combat
   802 | D        | Reached skill level 1 in Evocations
   802 | D        | Reached XP level 9. HP: 24/55 MP: 15/22
   806 | D        | Killed a centaur warrior
   810 | D        | Reached skill level 15 in Unarmed Combat
   813 | D        | Killed a centaur warrior
   814 | D        | Reached skill level 5 in Stealth
   814 | D        | Reached XP level 10. HP: 13/63 MP: 16/23
   815 | D        | Slain by a slime creature

Illustrated notes

Levels and vault maps discovered:
D:        linesprint [early_d, line_temple, items_1, d_10, items_2, lair_1,
          lair_end, items_3, orc_1, orc_end, items_4, d_15, swamp_1, shoals_1,
          snake_1, spider_1, d_20, vaults_1, items_5, swamp_end, shoals_end,
          snake_end, spider_end, vaults_end, d_27, items_6, zot_1, zot_end,
          crypt_end, forest_end, elf_end, slime_end, tomb_end, abyss_end,
          pan_hell_end]

Skill      XL: |  1  2  3  4  5  6  7  8  9 |
---------------+----------------------------+-----
Unarmed Combat | 4 5 7 9 10 12 14 15 | 15.4
Spellcasting   | 3 4 5 6 7 9 |  9.8
Dodging        | 3 4 5 6 7 8 |  8.9
Transmutations | 4 5 6 8 |  8.7
Stealth        | 1 3 5 |  5.3
Ice Magic      | 1 2 3 4 |  4.3
Fighting       | 2 3 |  3.3
Evocations     | 1 |  1.6

Action                   |  1- 3 |  4- 6 |  7- 9 | 10-12 || total
-------------------------+-------+-------+-------+-------++-------
Melee: Unarmed           |    19 |    13 |    22 |     2 ||    56
       Kick              |     6 |       |       |       ||     6
       Tentacles         |     4 |       |       |       ||     4
       Constrict         |     3 |       |       |       ||     3
 Cast: Beastly Appendage |     3 |       |       |       ||     3
       Wereblood         |     1 |     1 |     1 |       ||     3
       Ice Form          |       |     1 |     1 |       ||     2
Evoke: Wand              |       |       |     2 |       ||     2
  Use: Potion            |     1 |       |     1 |       ||     2
 Stab: Distracted        |       |       |     1 |       ||     1
Armor: Skin              |     6 |     2 |    13 |       ||    21
Dodge: Dodged            |    11 |     7 |    13 |       ||    31

Table legend: (Time is in decaauts)
 A = Elapsed time spent in this place.
 B = Non-inter-level travel time spent in this place.
 C = Inter-level travel time spent in this place.
 D = Time resting spent in this place.
 E = Time spent auto-exploring this place.
 F = Levels seen in this place.
 G = Mean time per level.
                   A        B        C        D        E       F      G
               +--------+--------+--------+--------+--------+-----+--------+
         Total |    813 |    813 |      0 |    648 |      3 |   1 |  813.0 |
       Dungeon |    813 |    813 |      0 |    648 |      3 |   1 |  813.0 |
               +--------+--------+--------+--------+--------+-----+--------+

Top non-repeatable levels by time:
       D: 813 daAuts
